 Dungeon Crawl Stone Soup version 0.26-a0-649-gf8c6c3aab7 (webtiles) character file.

Game seed: 5794994672263300270

1532 smeego the Sneak (level 8, -4/54 HPs)
             Began as an Octopode Fighter on Sept 27, 2020.
             Was a Believer of Dithmenos.
             Slain by a two-headed ogre
             ... wielding a +0 giant club
              (5 damage)
             ... on level 8 of the Dungeon.
             The game lasted 00:08:49 (8883 turns).

smeego the Sneak (Octopode Fighter)                 Turns: 8883, Time: 00:08:50

Health: -4/54      AC:  5    Str: 18    XL:     8   Next: 85%
Magic:  11/11      EV: 12    Int: 16    God:    Dithmenos [**....]
Gold:   282        SH: 10    Dex: 11    Spells: 7/11 levels left

rFire    . . .     SeeInvis .   a - +0 long sword
rCold    . . .     Faith    .   b - +1 kite shield
rNeg     . . .     Spirit   .   (helmet restricted)
rPois    +         Reflect  .   (no amulet)
rElec    .         Harm     .   j - ring of poison resistance
rCorr    .         Rampage  .   l - +4 ring of protection
MR       .....                  p - ring of flight
Stlth    ++++++....             z - +6 ring of intelligence
HPRegen  0.00/turn              A - ring of stealth
MPRegen  0.12/turn              (no ring)
                                (no ring)
                                (no ring)

@: about to teleport, wreathed by umbra
A: almost no armour, stealthy swim, amphibious, 8 rings, constrict 8, camouflage
1, inhibited regeneration, wild magic 1, gelatinous body 1
a: Shadow Step, Renounce Religion, Evoke Flight


You were on level 8 of the Dungeon.
You worshipped Dithmenos.
Dithmenos was pleased with you.
You visited 1 branch of the dungeon, and saw 8 of its levels.

You collected 362 gold pieces.
You spent 80 gold pieces at shops.

Inventory:

Hand Weapons
 a - a +0 long sword (weapon)
 v - a +1 dagger of venom
Missiles
 d - 6 atropa-tipped darts (quivered)
 m - 5 boomerangs of dispersal
Armour
 b - a +1 kite shield (worn)
Jewellery
 j - a ring of poison resistance (left tentacle)
 l - a +4 ring of protection (right tentacle)
 p - a ring of flight (on tentacle)
 z - a +6 ring of intelligence (on tentacle)
 A - a ring of stealth (on tentacle)
Wands
 n - a wand of polymorph (21)
 x - a wand of flame (20)
Scrolls
 e - 8 scrolls of remove curse
 g - a scroll of teleportation
 h - a scroll of magic mapping
 i - 2 scrolls of amnesia
 o - 4 scrolls of enchant weapon {unknown}
 q - 5 scrolls of immolation
 r - 3 scrolls of fear {unknown}
 s - a scroll of fog {unknown}
 y - a scroll of noise {unknown}
Potions
 c - 4 potions of might
 f - 2 potions of curing
 k - 2 potions of heal wounds
 t - a potion of haste
 u - a potion of ambrosia
 w - 2 potions of flight


   Skills:
 + Level 4.5 Fighting
 + Level 4.1 Long Blades
 - Level 1.3 Throwing
 + Level 4.3 Dodging
 + Level 4.6 Stealth
 + Level 4.3 Shields
 + Level 3.0 Unarmed Combat
 + Level 2.3 Spellcasting
 * Level 3.8 Summonings
 * Level 3.8 Translocations
 - Level 0.3 Invocations


You had 7 spell levels left.
You knew the following spells:

 Your Spells              Type           Power        Failure   Level
a - Blink                 Tloc           N/A          32%         2
b - Call Imp              Summ           ###.....     34%         2

Your spell library contained the following spells:

 Spells                   Type           Power        Failure   Level
 Animate Skeleton         Necr           #.....       69%         1
 Magic Dart               Conj           #...         69%         1
 Pain                     Necr           #...         69%         1
 Shock                    Conj/Air       #...         69%         1
 Slow                     Hex            #.......     82%         2
 Swiftness                Air            #.......     82%         2
 Conjure Flame            Conj/Fire      #.......     96%         3
 Mephitic Cloud           Conj/Pois/Air  #.......     96%         3
 Static Discharge         Conj/Air       #.......     96%         3
 Vampiric Draining        Necr           #.........   96%         3
 Airstrike                Air            #.........   100%        4
 Animate Dead             Necr           #.........   100%        4
 Agony                    Necr           #.......     100%        5
 Lightning Bolt           Conj/Air       #.........   100%        5


Dungeon Overview and Level Annotations

Branches:
Dungeon (8/15)             Temple (0/1) D:7
   Lair: D:8-11

Altars:
Ashenzari
Dithmenos
Fedhas
Gozag
Hepliaklqana
Makhleb
Okawaru
Qazlal
Vehumet
Xom
The Shining One

Shops:
D:5 }![   D:6 =   D:8 [

Portals:
Abyss: D:6

Annotations:
D:3 1 runed translucent door, yleetSyT's ghost, amateur DENe
D:6 1 transporter, flotson's ghost, novice GnWn


Innate Abilities, Weirdness & Mutations

You cannot wear most types of armour.
You are very stealthy in the water. (Stealth+)
You are amphibious.
You can wear up to eight rings at the same time.
You can use your tentacles to constrict eight enemies at once.
Your skin changes colour to match your surroundings (Stealth+).
Your rubbery body absorbs attacks. (AC +1, EV +1)
You do not regenerate when monsters are visible.
Your spells are a little harder to cast, but a little more powerful.


Message History

The two-headed ogre is lightly wounded.
The two-headed ogre hits you with a +0 giant club!
The two-headed ogre hits you with a +0 giant club!!
Found a stone staircase leading down.
Found a scroll of identify.
Found 8 gold pieces.
A worker ant comes into view.
Okay, then.
The two-headed ogre barely misses you.
You riposte.
You slash the two-headed ogre! You squeeze the two-headed ogre!
The two-headed ogre is heavily wounded.
The two-headed ogre hits you with a +0 giant club!
* * * LOW HITPOINT WARNING * * *
There is a stone staircase leading down, spattered with blood here.
Okay, then.
Okay, then.
As you read the scroll of teleportation, it crumbles to dust.
You feel strangely unstable.
The two-headed ogre hits you with a +0 giant club.
You die...

#.............$#
#.8.....8..##..#
##..8.8..#.##..######
##........##.....?.#
.#
##.##.#####...###.#
.# #..#.# #...###.###
.# #.#..# #.>........
.# #..### #.#O###.##
.# #..# #.#@# .# #..#
#.#.# ^# #..# #$#.#
<####..#######.#.#
..............a#.#
####.............#
########## ###


You could see a two-headed ogre.

Vanquished Creatures
  An orc warrior (D:6)
  2 sky beasts
  An ice beast (D:6)
  3 ogres
  Blork the orc (D:4)
  2 scorpions
  A howler monkey (D:6)
  A hound (D:5)
  2 orc priests
  2 bullfrog skeletons
  Jessica (D:3)
  2 iguanas (D:4)
  Terence (D:2)
  4 worker ants
  A worker ant zombie (D:6)
  3 gnolls (D:2)
  13 adders
  A howler monkey skeleton (D:5)
  A shadow imp (D:5)
  2 white imps
  An ufetubus (D:6)
  An adder skeleton (D:8)
  4 worms
  5 dart slugs
  4 leopard geckos
  14 orcs
  A ball python (D:3)
  5 giant cockroaches
  6 goblins
  7 hobgoblins
  28 jackals
  9 kobolds
  2 quokkas
  7 bats
  3 frilled lizards
  A quokka skeleton (D:5)
  7 rats
150 creatures vanquished.

Notes
Turn   | Place    | Note
-------+----------+-------------------------------------------
     0 | D:1      | smeego the Octopode Fighter began the quest for the Orb.
     0 | D:1      | Reached XP level 1. HP: 16/16 MP: 1/1
   183 | D:1      | Reached XP level 2. HP: 16/21 MP: 2/2
   512 | D:1      | Reached XP level 3. HP: 26/26 MP: 3/3
   552 | D:1      | Reached skill level 1 in Stealth
   846 | D:1      | Reached skill level 1 in Unarmed Combat
  1428 | D:2      | Reached skill level 1 in Throwing
  1428 | D:2      | Reached XP level 4. HP: 31/31 MP: 4/4
  1642 | D:2      | Found a shadowy altar of Dithmenos.
  1642 | D:2      | Noticed a shadow
  1643 | D:2      | Found a hazy altar of Hepliaklqana.
  1711 | D:2      | Became a worshipper of Dithmenos the Shadowed
  1818 | D:2      | Found a radiant altar of Vehumet.
  1818 | D:2      | Found a shimmering altar of Xom.
  1818 | D:2      | Found an opulent altar of Gozag.
  1824 | D:2      | Found a glowing golden altar of the Shining One.
  2177 | D:2      | Noticed Terence
  2188 | D:2      | Killed Terence
  2188 | D:2      | Reached XP level 5. HP: 34/36 MP: 5/5
  2192 | D:2      | Learned a level 2 spell: Blink
  2195 | D:2      | Learned a level 2 spell: Call Imp
  2947 | D:3      | Found a stormy altar of Qazlal.
  2952 | D:3      | Found a blossoming altar of Fedhas.
  3159 | D:3      | Reached * piety under Dithmenos
  3210 | D:3      | Reached skill level 1 in Translocations
  3480 | D:3      | Found a runed translucent door.
  3481 | D:3      | Noticed yleetSyT's ghost (amateur DENe)
  3845 | D:3      | Noticed Jessica
  3848 | D:3      | Killed Jessica
  3848 | D:3      | Reached skill level 1 in Summonings
  3848 | D:3      | Reached XP level 6. HP: 36/42 MP: 5/7
  4358 | D:4      | Reached skill level 1 in Spellcasting
  4359 | D:4      | Found a broken altar of Ashenzari.
  4525 | D:4      | Reached XP level 7. HP: 47/47 MP: 8/8
  4683 | D:4      | Noticed Blork the orc
  4694 | D:4      | Killed Blork the orc
  5231 | D:5      | Entered Level 5 of the Dungeon
  5247 | D:5      | Found Xunot's Distillery.
  5426 | D:5      | Bought a potion of mutation for 80 gold pieces
  5426 | D:5      | Gained mutation: Your spells are a little harder to cast,
                  | but a little more powerful. [potion of mutation]
  5426 | D:5      | Gained mutation: You are weak. (Str -2) [potion of
                  | mutation]
  5426 | D:5      | Gained mutation: You do not regenerate when monsters are
                  | visible. [potion of mutation]
  5426 | D:5      | Lost mutation: You are weak. (Str -2) [potion of mutation]
  5433 | D:5      | Found Voevoda's Gadget Emporium.
  5560 | D:5      | Reached ** piety under Dithmenos
  5817 | D:5      | Reached XP level 8. HP: 19/54 MP: 10/10
  6347 | D:5      | Found Ilaolas's Antique Armour Emporium.
  6490 | D:5      | Found a burning altar of Makhleb.
  6981 | D:6      | Found a transporter.
  7428 | D:6      | Found an iron altar of Okawaru.
  7445 | D:6      | Found Qaetz's Jewellery Emporium.
  7605 | D:6      | Found a one-way gate to the infinite horrors of the Abyss.
  7605 | D:6      | Noticed flotson's ghost (novice GnWn)
  7605 | D:6      | Noticed a small abomination
  7606 | D:6      | Noticed an ancient zyme
  7623 | D:6      | Noticed a wizard
  7830 | D:7      | Found a staircase to the Ecumenical Temple.
  8845 | D:8      | Found Efry's Armour Boutique.
  8850 | D:8      | Noticed a two-headed ogre
  8880 | D:8      | HP: 1/54 [two-headed ogre/+0 giant club (17)]
  8883 | D:8      | Slain by a two-headed ogre

Illustrated notes

Levels and vault maps discovered:
D:1:      wander_arrival_desolate, layout_basic, chequers_serial_rivers_micro_c,
          minmay_octomino_j4
D:2:      layout_loops_corners, riverfiend_overflow_shadow_ancestor,
          nicolae_overflow_quartered_altars, uniq_terence
D:3:      layout_basic, grunt_temple_overflow_forces_of_nature,
          ebering_ghost_reflecting_pool, uniq_jessica
D:4:      layout_loops_ring, ashenzari_altar_1, uniq_blork_the_orc
D:5:      layout_basic, makhleb_blood_cavern_becter, serial_shops,
          kennysheep_little_box, shop, shop, solitary_fountain,
          kennysheep_generic_room_2
D:6:      layout_cave_pools, okawaru_ov_weapons_minmay,
          gammafunk_ghost_abyssal_escape, serial_shops,
          nicolae_shop_window_shopping
D:7:      layout_cave_pods, minmay_temple_entry_statues,
          hangedman_abyss_or_decor_stagger, uniq_joseph
D:8:      layout_loops_ring, zin_statuary, elyvilon_altar_4, serial_shops,
          nicolae_shop_crystal

Skill      XL: |  1  2  3  4  5  6  7  8 |
---------------+-------------------------+-----
Stealth        | 1 2 3 4 |  4.6
Unarmed Combat | 1 2 3 |  3.0
Throwing       | 1 |  1.3
Long Blades    | 3 4 |  4.1
Translocations | 1 2 3 |  3.8
Summonings     | 1 2 3 |  3.8
Spellcasting   | 1 2 |  2.3
Fighting       | 4 |  4.5
Shields        | 4 |  4.3
Dodging        | 4 |  4.3
Invocations    | |  0.3

Action                   |  1- 3 |  4- 6 |  7- 9 || total
-------------------------+-------+-------+-------++-------
Melee: Long sword        |    62 |   102 |   123 ||   287
       Constrict         |    23 |    36 |    34 ||    93
       Tentacles         |    12 |    27 |    34 ||    73
       Punch             |       |     2 |     3 ||     5
       Dagger            |       |       |    21 ||    21
Throw: Dart              |       |     3 |     3 ||     6
 Cast: Call Imp          |       |       |     1 ||     1
  Use: Scroll            |       |    11 |     7 ||    18
       Potion            |       |       |     4 ||     4
 Stab: Sleeping          |    11 |    12 |    16 ||    39
Armor: Skin              |     4 |     6 |    37 ||    47
Dodge: Dodged            |    31 |    43 |    64 ||   138
Block: Kite shield       |    29 |    38 |    77 ||   144
       Rpst.: Long sword |     9 |    18 |    22 ||    49

Table legend: (Time is in decaauts)
 A = Elapsed time spent in this place.
 B = Non-inter-level travel time spent in this place.
 C = Inter-level travel time spent in this place.
 D = Time resting spent in this place.
 E = Time spent auto-exploring this place.
 F = Levels seen in this place.
 G = Mean time per level.
                   A        B        C        D        E       F      G
               +--------+--------+--------+--------+--------+-----+--------+
         Total |   8988 |   8808 |    180 |   1963 |   5676 |   8 | 1123.5 |
       Dungeon |   8988 |   8808 |    180 |   1963 |   5676 |   8 | 1123.5 |
               +--------+--------+--------+--------+--------+-----+--------+

Top non-repeatable levels by time:
     D:5: 1983 daAuts
     D:1: 1547 daAuts
     D:3: 1495 daAuts
     D:2: 1192 daAuts
     D:7: 1090 daAuts
     D:4: 1059 daAuts
     D:6: 545 daAuts
     D:8: 74 daAuts
